 Dungeon Crawl Stone Soup version 0.20-a0-433-g9e36e56 (webtiles) character file.

267 junb69 the Grave Robber (level 6, 0/41 HPs)
             Began as a Mummy Necromancer on Jan 4, 2017.
             Killed from afar by an orc wizard (9 damage)
             ... with a magic dart
             ... on level 3 of the Dungeon.
             The game lasted 00:09:41 (3874 turns).

junb69 the Grave Robber (Mummy Necromancer)         Turns: 3874, Time: 00:09:41

Health: 0/41       AC:  2    Str: 12    XL:     6   Next: 0%
Magic:  0/14       EV: 12    Int: 16    God:
Gold:   111        SH:  0    Dex: 12    Spells: 8/16 levels left

rFire  x . .     SeeInvis .     g - +2 flail (venom)
rCold  + . .     Gourm    .     a - +0 robe
rNeg   + + +     Faith    .     (no shield)
rPois  ∞         Spirit   .     (no helmet)
rElec  .         Reflect  .     (no cloak)
rCorr  .         Harm     .     (no gloves)
MR     .....                    (no boots)
Stlth  +++.......               (no amulet)
                                (no ring)
                                c - ring of stealth

@: no status effects
A: no food or potions, fire vulnerability, cold resistance 1, negative energy
resistance 3, torment resistance, unbreathing
a: no special abilities


You were on level 3 of the Dungeon.
You were not hungry.

You visited 1 branch of the dungeon, and saw 4 of its levels.

You collected 111 gold pieces.

Inventory:

Hand Weapons
 g - a +2 flail of venom (weapon)
Armour
 a - a +0 robe (worn)
Jewellery
 c - a ring of stealth (left hand)
Wands
 h - a wand of flame (12/48)
 k - a wand of iceblast (7/15)
Scrolls
 d - 3 scrolls of identify {unknown}
 e - 3 scrolls of remove curse {unknown}
 f - a scroll of amnesia {unknown}
 i - a scroll of teleportation {unknown}
 j - a scroll of magic mapping {unknown}
Books
 b - a book of Necromancy

   Spells                             Type                      Level
   a - Pain                           Necromancy                   1
   b - Animate Skeleton               Necromancy                   1
   c - Vampiric Draining              Necromancy                   3
   d - Regeneration                   Charms/Necromancy            3
   e - Animate Dead                   Necromancy                   4
   f - Control Undead                 Necromancy                   4


   Skills:
 - Level 1.5 Dodging
 - Level 1.5 Stealth
 * Level 5.6 Spellcasting
 * Level 5.9 Necromancy


You had 8 spell levels left.
You knew the following spells:

 Your Spells              Type           Power        Failure   Level  Hunger
a - Pain                  Necr           ###.         1%          1    N/A
b - Vampiric Draining     Necr           ###.......   4%          3    N/A
c - Control Undead        Necr           ###.......   14%         4    N/A

Dungeon Overview and Level Annotations

Branches:
Dungeon (4/15)
 Temple: D:4-7

Altars:
Fedhas
Nemelex Xobeh


Innate Abilities, Weirdness & Mutations

You do not eat or drink.
Your flesh is vulnerable to fire.
You are immune to poison.
Your flesh is cold resistant. (rC+)
You are immune to negative energy. (rN+++)
You are immune to unholy pain and torment.
You can survive without breathing.


Message History

You barely miss the orc wizard.
The orc wizard is severely wounded.
The orc wizard misses you.
The orc wizard mumbles some strange words.
The orc wizard blinks!
You feel yourself speed up.
The orc wizard gestures wildly while chanting.
The orc wizard blinks!
The orc wizard points at you and mumbles some strange words.
The magic dart hits you!
* * * LOW HITPOINT WARNING * * *
Casting: Pain
Confirm with . or Enter, or press ? or * to list all spells.
Aiming: Pain
Press: ? - help, Shift-Dir - straight line, f/p - orc wizard
Aim: an orc wizard, wielding a dagger and wearing a robe (severely wounded, chance to defeat MR: 83%)
The orc wizard writhes in agony!
The orc wizard points at you and mumbles some strange words.
The magic dart hits you!
You die...

## ######.#...#
######### .#
#..........# #.......#
.# #..........#
#.......# .#
#..........# #........
.# #.....§..o.#
#######.# .#
#.......>..# #.....#
)#### ########...#
#.##..# ....# ####...#
#.#...# ..).# #..@.###
#.#####
....##########.########
#.#
........^.............#
#.#
......................#
#.#####
......................#
#...<.#
.(....................#
##.....
..........####.....)..#
#..... ..........#
###÷###### ######
..........# #.#


You could see an orc wizard.

Vanquished Creatures
  A hound (D:4)
  2 orc priests (D:2)
  An orc wizard (D:4)
  4 adders (D:2)
  5 worms
  3 dart slugs
  A leopard gecko (D:2)
  7 orcs
  2 ball pythons
  11 bats
  2 giant cockroaches
  8 hobgoblins
  14 jackals
  2 quokkas (D:2)
  5 frilled lizards
  5 goblins
  10 kobolds
  9 rats
92 creatures vanquished.

Notes
Turn   | Place    | Note
-------+----------+-------------------------------------------
     0 | D:1      | junb69 the Mummy Necromancer began the quest for the Orb.
     0 | D:1      | Reached XP level 1. HP: 13/13 MP: 4/4
   274 | D:1      | Found a sparkling altar of Nemelex Xobeh.
   456 | D:1      | Reached XP level 2. HP: 17/19 MP: 1/6
  1239 | D:2      | Reached XP level 3. HP: 18/24 MP: 2/8
  1589 | D:2      | Learned a level 3 spell: Vampiric Draining
  1756 | D:2      | Reached skill level 5 in Necromancy
  1756 | D:2      | Reached XP level 4. HP: 30/30 MP: 2/10
  2381 | D:2      | Reached XP level 5. HP: 28/35 MP: 4/12
  2702 | D:3      | Reached skill level 5 in Spellcasting
  3004 | D:3      | Learned a level 4 spell: Control Undead
  3547 | D:3      | Found a blossoming altar of Fedhas.
  3827 | D:4      | Reached XP level 6. HP: 28/41 MP: 1/14
  3874 | D:3      | Killed from afar by an orc wizard

Vault maps used:
D:1:      nicolae_arrival_memento_mori, serial_forest,
          infiniplex_forest_clump_double, infiniplex_forest_clump_diagonal,
          infiniplex_forest_lined_room_, infiniplex_forest_zigzag_1,
          infiniplex_forest_straight_3, infiniplex_forest_clump_small,
          infiniplex_forest_clump_curved, infiniplex_forest_lined_room_2,
          nemelex_xobeh_ov_fountains_minmay
D:2:      minmay_stone_trees_small
D:3:      fedhas_altar_fruit_tree
D:4:      old_standard_altar, tso_metal_star, grunt_temple_overflow_open,
          first_bread

Skill      XL: |  1  2  3  4  5 |
---------------+----------------+-----
Spellcasting   | 3 4 5 |  5.6
Necromancy     | 5 |  5.9
Dodging        | |  1.5
Stealth        | |  1.5

Action                   |  1- 3 |  4- 6 || total
-------------------------+-------+-------++-------
Melee: Short sword       |     5 |     1 ||     6
       Flail             |       |     9 ||     9
 Cast: Pain              |    82 |   117 ||   199
Armor: Robe              |     6 |     5 ||    11
Dodge: Dodged            |     9 |    38 ||    47
